Map: Apotheosis LE

Players

Nickos - Winner!

  • Race: Terran Terran
  • League: Gold

DawnPatrol

  • Race: Protoss Protoss
  • League: Gold

VOD

Have the link to the VOD?

Description

Time

  • Played on: Sept. 24, 2016, 5:07 a.m.
  • Length: 10:17
Show
View Real Time Build Order
Export as new Build Order

Nickos Terran - Winner!

Build Orders: MMM Bio 

Get SALT Encoding   

  12  0:01  SCV  
  13  0:13  SCV  
  14  0:17  Supply Depot  
  14  0:25  SCV  
  15  0:39  SCV  
  15  0:40  Barracks  
  16  0:51  SCV  
  17  1:03  SCV  
  18  1:15  SCV  
  19  1:23  Command Center  
  19  1:29  Orbital Command  
  19  1:33  Marine  
  20  1:44  Barracks  
  20  1:58  Supply Depot  
  20  1:59  SCV  
  21  2:07  Barracks  
  21  2:09  Marine  
  22  2:18  SCV  
  22  2:22  Refinery  
  23  2:26  Refinery  
  23  2:34  SCV  
  23  2:36  Marine x2  
  26  2:41  Orbital Command  
  26  2:49  SCV  
  27  3:02  Barracks Tech Lab, SCV  
  27  3:03  Marine x2  
  30  3:08  SCV  
  31  3:14  SCV  
  31  3:16  Supply Depot  
  31  3:21  SCV  
  31  3:22  Stimpack  
  31  3:26  Barracks Reactor, SCV  
  33  3:33  SCV  
  34  3:38  SCV  
  35  3:42  Supply Depot  
  35  3:43  Barracks Reactor  
  35  3:44  Marauder  
  35  3:45  SCV  
  38  3:50  SCV  
  39  3:57  SCV  
  39  3:58  Engineering Bay  
  39  3:59  Engineering Bay  
  40  4:03  Factory  
  40  4:06  Marauder  
  40  4:07  Marine  
  40  4:08  Marine  
  40  4:09  SCV x2  
  46  4:21  SCV x2  
  46  4:22  Supply Depot  
  48  4:25  Marine x2  
  48  4:27  Marauder  
  48  4:28  Terran Infantry Weapons Level 1  
  48  4:30  Refinery  
  48  4:31  Marine  
  53  4:32  Marine  
  53  4:33  SCV  
  55  4:43  SCV  
  55  4:44  Marine x2  
  59  4:45  SCV  
  59  4:47  Terran Infantry Armor Level 1  
  59  4:48  Marine  
  59  4:49  Marine  
  61  4:59  SCV x2  
  63  5:00  Marine  
  63  5:01  Factory Reactor  
  64  5:09  Starport  
  64  5:11  SCV x2  
  66  5:23  Armory, SCV x2  
  68  5:31  Supply Depot  
  68  5:34  Marine x2  
  70  5:41  Command Center  
  70  5:53  SCV x2, Marauder, Marine x2  
  70  5:54  Medivac  
  70  5:56  Supply Depot  
  78  6:06  Widow Mine, Medivac, Marine x2  
  78  6:07  SCV x2  
  78  6:08  Barracks  
  78  6:11  Barracks  
  86  6:17  Marine x2  
  86  6:18  Marauder  
  90  6:19  SCV x2  
  92  6:26  Marine x2  
  94  6:42  Supply Depot  
  94  6:45  Medivac x2, Marine  
  94  6:46  Terran Infantry Weapons Level 2, SCV x2  
  101  6:49  Supply Depot  
  101  6:52  Widow Mine  
  101  6:54  Marine x3  
  104  6:55  Marauder  
  104  6:58  Orbital Command  
  108  7:11  Barracks  
  108  7:12  Barracks  
  108  7:14  Marine  
  108  7:15  Refinery, Marine  
  110  7:16  Barracks  
  110  7:18  Marine, Marauder  
  113  7:30  Barracks Tech Lab  
  113  7:31  Barracks Tech Lab  
  113  7:33  Medivac x2  
  113  7:34  Marine x2  
  113  7:35  Marine  
  113  7:36  Marine  
  122  7:37  SCV x3  
  122  7:39  Marine  
  125  7:48  Combat Shields  
  125  7:50  Marauder  
  125  7:51  Marauder  
  129  7:52  Marine x3  
  129  7:53  Supply Depot  
  129  7:56  Supply Depot  
  132  8:01  Liberator  
  132  8:13  Marine  
  132  8:14  Marine x3  
  132  8:15  Marauder x2  
  132  8:18  Marauder  
  145  8:31  Marine  
  145  8:32  Marine x3  
  148  8:49  Marine  
  148  8:51  Marine  
  149  8:56  Marine  
  149  8:57  Marine  
  149  8:58  Marauder  
  149  8:59  Medivac, Marauder  
  149  9:00  Marauder  
  149  9:01  Medivac  
  146  9:06  Marine  
  146  9:09  Marine  
  144  9:14  Marine  
  144  9:15  Marine  
  143  9:19  Marine x2  
  143  9:21  Marine  
  146  9:24  Marine  
  146  9:27  Marine  
  148  9:32  Barracks Reactor, Marine  
  148  9:33  Barracks Reactor x2, Marine  
  148  9:37  Marine x2  
  143  9:39  Marine  
  143  9:42  Marine  
  143  9:45  Marine  
  134  9:50  Marine  
  134  9:51  Marine  
  133  9:54  Marine  
  133  9:55  Marine  
Show
View Real Time Build Order
Export as new Build Order

DawnPatrol Protoss 

Build Orders: 1 Gate Expand, Blink Stalkers 

Get SALT Encoding   

  12  0:01  Probe (Chrono Boost)  
  13  0:12  Probe (Chrono Boost)  
  14  0:19  Pylon  
  14  0:22  Probe (Chrono Boost)  
  15  0:37  Probe (Chrono Boost)  
  15  0:40  Gateway  
  16  0:44  Assimilator  
  16  0:48  Probe (Chrono Boost)  
  17  0:58  Probe (Chrono Boost)  
  18  1:09  Probe (Chrono Boost)  
  19  1:27  Cybernetics Core  
  19  1:35  Probe (Chrono Boost)  
  19  1:36  Nexus  
  20  1:42  Assimilator  
  20  1:50  Pylon  
  20  1:58  Warp Gate  
  19  2:03  Adept  
  22  2:16  Probe (Chrono Boost)  
  22  2:27  Gateway, Probe (Chrono Boost)  
  23  2:39  Probe (Chrono Boost)  
  24  2:50  Mothership Core (Chrono Boost)  
  26  2:56  Probe (Chrono Boost)  
  27  3:06  Robotics Facility  
  27  3:19  Probe (Chrono Boost)  
  28  3:22  Probe (Chrono Boost)  
  29  3:27  Twilight Council  
  29  3:31  Probe (Chrono Boost)  
  29  3:33  Probe (Chrono Boost)  
  31  3:35  Pylon  
  31  3:43  Probe x2 (Chrono Boost)  
  33  3:50  Blink  
  33  3:52  Observer  
  33  3:54  Probe (Chrono Boost)  
  36  3:55  Probe (Chrono Boost)  
  36  4:05  Probe (Chrono Boost), Pylon  
  36  4:07  Probe (Chrono Boost)  
  38  4:16  Observer  
  39  4:17  Probe (Chrono Boost)  
  39  4:23  Probe (Chrono Boost)  
  41  4:29  Probe (Chrono Boost)  
  42  4:35  Probe (Chrono Boost)  
  43  4:40  Nexus, Observer  
  43  4:42  Probe (Chrono Boost), Pylon  
  45  4:47  Probe (Chrono Boost)  
  45  4:52  Assimilator  
  47  4:53  Pylon  
  47  4:54  Probe (Chrono Boost)  
  47  4:57  Gateway  
  48  5:00  Probe (Chrono Boost)  
  48  5:01  Stalker x2  
  48  5:02  Gateway  
  48  5:06  Probe (Chrono Boost)  
  53  5:08  Pylon  
  53  5:12  Probe (Chrono Boost)  
  54  5:28  Probe (Chrono Boost), Assimilator  
  55  5:30  Observer  
  57  5:36  Probe (Chrono Boost)  
  57  5:37  Stalker x2  
  57  5:40  Probe (Chrono Boost)  
  62  5:46  Pylon  
  62  5:48  Probe (Chrono Boost)  
  63  5:52  Probe (Chrono Boost)  
  63  5:53  Resonating Glaives  
  64  5:59  Forge  
  64  6:00  Forge  
  64  6:03  Robotics Bay  
  64  6:04  Pylon  
  64  6:13  Probe x2 (Chrono Boost)  
  66  6:20  Probe (Chrono Boost)  
  66  6:24  Immortal  
  66  6:25  Probe x2 (Chrono Boost)  
  69  6:31  Probe (Chrono Boost)  
  74  6:34  Adept x2  
  78  6:41  Gateway  
  78  6:42  Gateway  
  78  6:45  Adept x2  
  82  6:48  Gateway  
  82  6:58  Immortal  
  82  6:59  Adept x2  
  86  7:07  Adept x2  
  94  7:23  Adept x2  
  94  7:28  Probe (Chrono Boost)  
  94  7:29  Probe x2 (Chrono Boost)  
  101  7:34  Pylon  
  101  7:35  Disruptor  
  101  7:36  Photon Cannon  
  101  7:37  Photon Cannon  
  101  7:38  Photon Cannon  
  101  7:39  Adept x2  
  101  7:41  Probe (Chrono Boost)  
  109  7:58  Stalker  
  109  7:59  Stalker x4  
  109  8:00  Gateway  
  109  8:01  Probe (Chrono Boost)  
  109  8:03  Probe x2 (Chrono Boost)  
  122  8:10  Assimilator  
  122  8:14  Assimilator  
  122  8:18  Pylon  
  122  8:21  Disruptor  
  125  8:34  Pylon  
  125  8:36  Pylon  
  125  8:55  Pylon  
  123  8:56  Pylon  
  111  9:31  Stalker x5  
  111  9:32  Stalker  
  101  9:46  Stalker  
  91  10:05  Stalker x4  
  91  10:06  Stalker x2  
Tags
 
Add a new tag
Caveats
  • Supply blocks, unpowered buildings, or Contaminate may cause inaccurate times.
  • Supply counts are checked every 10 seconds.